 Dungeon Crawl Stone Soup version 0.23-a0-175-g97aacdb (webtiles) character file.

23 EvilAliv3 the Poker (level 3, -6/28 HPs)
             Began as a Formicid Warper on Sept 15, 2018.
             Mangled by a gnoll
             ... wielding a +0 flail
              (9 damage)
             ... on level 1 of the Dungeon.
             The game lasted 00:10:01 (1094 turns).

EvilAliv3 the Poker (Formicid Warper)               Turns: 1094, Time: 00:10:01

Health: -6/28      AC:  3    Str: 16    XL:     3   Next: 12%
Magic:  6/6        EV: 11    Int: 12    God:
Gold:   59         SH:  0    Dex: 10    Spells: 6/6 levels left

rFire    . . .     SeeInvis +   a - +0 spear
rCold    . . .     Gourm    .   (no shield)
rNeg     . . .     Faith    .   b - +0 leather armour
rPois    .         Spirit   .   (helmet unavailable)
rElec    .         Reflect  .   (no cloak)
rCorr    .         Harm     .   (no gloves)
MR       .....                  (no boots)
Stlth    +.........             (no amulet)
HPRegen  0.09/turn              (no ring)
MPRegen  0.10/turn              (no ring)

@: no status effects
A: permanent stasis, dig shafts and tunnels, four strong arms, antennae 3
a: Dig, Shaft Self


You were on level 1 of the Dungeon.
You were not hungry.

You visited 1 branch of the dungeon, and saw 2 of its levels.

You collected 59 gold pieces.

Inventory:

Hand Weapons
 a - a +0 spear (weapon)
Missiles
 e - 5 tomahawks of dispersal
 g - 22 stones (quivered)
Armour
 b - a +0 leather armour (worn)
Jewellery
 c - an uncursed ring of flight {unknown}
Potions
 h - a potion of degeneration {unknown}
Comestibles
 f - a ration


   Skills:
 + Level 2.6 Fighting
 * Level 2.7 Polearms
 - Level 1.0 Throwing
 + Level 1.7 Armour
 - Level 1.7 Dodging
 - Level 2.1 Spellcasting
   Level 2.6 Translocations


You had 6 spell levels left.
You didn't know any spells.
Your spell library contained the following spells:

 Spells                   Type           Power        Failure   Level  Hunger
 Shroud of Golubria       Chrm/Tloc      #.........   28%         2    ###....
 Gell's Gravitas          Tloc           #.........   32%         3    ####...
 Lesser Beckoning         Tloc           #.........   32%         3    ####...
 Teleport Other           Tloc           #.......     32%         3    ####...
 Passage of Golubria      Tloc           N/A          73%         4    #####..
 Blink                    Tloc           Unusable     N/A         2    N/A

Dungeon Overview and Level Annotations

Branches:
Dungeon (2/15)

Altars:


Innate Abilities, Weirdness & Mutations

You cannot be hasted, slowed, berserked, paralysed or teleported.
You can dig through walls and to a lower floor.
Your four strong arms can wield two-handed weapons with a shield.
You have a pair of large antennae on your head. (SInv)


Message History

Eating a chunk of flesh.
You eat the chunk of flesh.
This raw flesh tastes terrible.
There is a stone staircase leading down here.
You climb downwards. 3 gnolls come into view.
The gnoll shouts! x3
There is a stone staircase leading up here.
The gnoll throws a throwing net.
The throwing net hits you.
You become entangled in the net!
You stop ascending the stairs.
You struggle against the net.
The gnoll barely misses you.
You struggle against the net.
The gnoll hits you with a flail.
You struggle against the net.
The gnoll hits you with a flail.
You shred the net and break free! The gnoll hits you with a flail! x2
* * * LOW HITPOINT WARNING * * *
The gnoll barely misses you.
You climb upwards.
There is a stone staircase leading down here.
The gnoll barely misses you. The gnoll hits you with a flail!
You die...

#################################
#### #..# ##### #..# #.... #..#
#.### #..# #.# #..# #.#
###########..### #.#
#......@gg.....# #.##
##########.#.#######.##.# #..#
........##.#.# #.##.# ##.#
#######.##>#.# ###.##.## #.#
#.##.#.# #...#.#.## #.# #
#.##.#.# #.##.###.####.#
#######.##.#.# #.#.## ##.....#
...........#.# ###.##.###.######
#######.####.# #.......#.##


You could see 2 gnolls.

Vanquished Creatures
  An ooze (D:1)
  4 bats (D:1)
  3 goblins (D:1)
  4 hobgoblins (D:1)
  2 jackals (D:1)
  A kobold (D:1)
  A rat (D:1)
16 creatures vanquished.

Notes
Turn   | Place    | Note
-------+----------+-------------------------------------------
     0 | D:1      | EvilAliv3 the Formicid Warper began the quest for the Orb.
     0 | D:1      | Reached XP level 1. HP: 16/16 MP: 3/3
   247 | D:1      | Reached XP level 2. HP: 23/23 MP: 5/5
   711 | D:1      | Reached XP level 3. HP: 25/28 MP: 6/6
  1094 | D:1      | Mangled by a gnoll

Vault maps used:
D:1:      erik_arrival_cave_to_civilisation
D:2:      old_standard_altar, minmay_surrounded

Action                   || total
-------------------------++-------
Melee: Spear             ||    76
Throw: Stone             ||     9
  Eat: Chunk             ||     1
Armor: Leather armour    ||    31
Dodge: Dodged            ||    61

Table legend:
 A = Non-vault XP
 B = Vault XP
 C = Vault XP percentage of total XP
 D = Non-vault monster count
 E = Vault monster count
 F = Vault count percentage of total count
                 A         B        C        D         E       F
            +---------+---------+-------+---------+---------+-------
      Total |      34 |       0 |   0.0 |      16 |       0 |   0.0
            +---------+---------+-------+---------+---------+-------
        D:1 |      34 |       0 |   0.0 |      16 |       0 |   0.0
            +---------+---------+-------+---------+---------+-------
